 Dungeon Crawl Stone Soup version 0.32-a0-20-ge526923d97 (webtiles) character file.

Game seed: 1629676359734039713

4491 LustLizard the Zephyrmancer (level 10, 0/58 HPs)
             Began as a Deep Elf Air Elementalist on Jan 17, 2024.
             Was a Follower of Vehumet.
             Slain by a boulder beetle (16 damage)
             ... on level 8 of the Dungeon.
             The game lasted 00:25:36 (11826 turns).

LustLizard the Zephyrmancer (DEAE)                 Turns: 11826, Time: 00:25:36

Health: 0/58       AC:  6    Str:  7    XL:     10   Next: 16%
Magic:  33/33      EV: 29    Int: 23    God:    Vehumet [*.....]
Gold:   466        SH:  0    Dex: 17    Spells: 11/25 levels left

rFire   . . .        p - +0 short sword (venom)
rCold   + . .        (no shield)
rNeg    . . .        B - +2 robe "Pyroyshri" {Dex+2}
rPois   .            g - +0 helmet
rElec   .            (no cloak)
rCorr   .            (no gloves)
SInv    .            i - +0 pair of boots
Will    +....        I - amulet of the acrobat
Stlth   +++          o - ring of protection from cold
HPRegen 0.29/turn    M - ring of magical power
MPRegen 0.23/turn

%: acrobat
@: acrobatic, hasted, very quick
A: no striking features
a: Renounce Religion


You were on level 8 of the Dungeon.
You worshipped Vehumet.
Vehumet was aware of your devotion.
You visited 2 branches of the dungeon, and saw 9 of its levels.

You collected 466 gold pieces.

Inventory:

Hand Weapons
 p - a +0 short sword of venom (weapon)
Missiles
 e - 16 poisoned darts (quivered)
 x - 4 throwing nets
Armour
 a - a +0 robe
 g - a +0 helmet (worn)
 i - a +0 pair of boots (worn)
 u - a +3 leather armour of fire resistance
 B - the +2 robe "Pyroyshri" (worn) {Dex+2}
   (You found it on level 6 of the Dungeon)

   Dex+2:     It affects your dexterity (+2).
Jewellery
 f - a ring of positive energy
 o - a ring of protection from cold (left hand)
 t - a ring of poison resistance
 C - a ring of ice
 I - an amulet of the acrobat (around neck)
 L - an amulet of reflection
 M - a ring of magical power (right hand)
Wands
 q - a wand of digging (11)
 v - a wand of acid (12)
 A - a wand of flame (30)
Scrolls
 c - a scroll of noise {unknown}
 l - a scroll of enchant weapon
 r - a scroll of poison {unknown}
 s - a scroll of enchant armour {unknown}
 y - a scroll of amnesia {unknown}
 z - a scroll of summoning {unknown}
 D - a scroll of silence {unknown}
 E - a scroll of teleportation {unknown}
 F - a scroll of brand weapon {unknown}
 G - a scroll of vulnerability {unknown}
 H - 2 scrolls of fear {unknown}
 J - a scroll of revelation
Potions
 b - 2 potions of magic
 d - 2 potions of might
 j - 2 potions of resistance
 k - 7 potions of curing {unknown}
 m - 2 potions of mutation {unknown}
 n - a potion of ambrosia {unknown}
 w - a potion of lignification {unknown}
 K - a potion of brilliance {unknown}


   Skills:
 + Level 4.7 Fighting
 + Level 1.9 Armour
 + Level 3.9 Dodging
 - Level 5.0 Stealth
 + Level 8.0 Spellcasting
 * Level 7.5 Conjurations
 - Level 4.0 Translocations
 * Level 8.8 Air Magic


You had 11 spell levels left.
You knew the following spells:

 Your Spells              Type           Power      Damage    Failure   Level
a - Shock                 Conj/Air       100%       1d9       1%          1
b - Static Discharge      Conj/Air       92%        3-7/arc   1%          2
c - Swiftness             Air            49%        N/A       1%          3
d - Airstrike             Air            24%        2d(4-20)  1%          4
e - Iskenderun's Mystic   Conj/Tloc      35%        2d8       6%          4

Your spell library contained the following spells:

 Spells                   Type           Power      Damage    Failure   Level
 Sandblast                Erth           18%        2d7       7%          1
 Apportation              Tloc           54%        N/A       1%          1
 Cigotuvi's Dreadful Rot  Necr/Alch/Air  44%        N/A       3%          2
 Jinxbite                 Hex            18%        N/A       11%         2
 Inner Flame              Hex/Fire       9%         N/A       21%         3
 Tukima's Dance           Hex            9%         N/A       21%         3
 Dimensional Bullseye     Hex/Tloc       9%         N/A       30%         4
 Irradiate                Conj/Alch      13%        3d16      38%         5
 Dispel Undead            Necr           9%         3d8       56%         4
 Martyr's Knell           Necr/Summ      9%         N/A       56%         4
 Alistair's Intoxication  Alch           6%         N/A       88%         5
 Death Channel            Necr           4%         N/A       100%        6
 Ignition                 Fire           4%         3d4       100%        8


Dungeon Overview and Level Annotations

Branches:
Dungeon (8/15)             Temple (1/1) D:7            Lair (0/5) D:8

Altars:
Ashenzari
Cheibriados
Dithmenos
Elyvilon
Fedhas
Gozag
Hepliaklqana
Kikubaaqudgha
Makhleb
Nemelex Xobeh
Okawaru
Qazlal
Ru
Sif Muna
Trog
Uskayaw
Vehumet
Yredelemnul
Zin
The Shining One

Shops:
D:3 [

Annotations:
D:2 1 runed translucent door, Crazy Yiuf


Message History

A boulder beetle is nearby!
Throw: 20 darts (poison)
Press: ? - help, Q - select action, (/) - cycle Shift-Dir - straight line, f - boulder beetle
Aim: a boulder beetle (wandering, hasn't noticed you, 89% to hit)
You throw a poisoned dart.
The poisoned dart hits the boulder beetle.
Unknown command.
Throw: 19 darts (poison)
Press: ? - help, Q - select action, (/) - cycle Shift-Dir - straight line, f/p - boulder beetle
Aim: a boulder beetle (89% to hit)
You throw a poisoned dart.
The poisoned dart hits the boulder beetle.
Unknown command.
You start waiting.
A boulder beetle is nearby!
Throw: 18 darts (poison)
Press: ? - help, Q - select action, (/) - cycle Shift-Dir - straight line, f/p - boulder beetle
Aim: a boulder beetle (89% to hit)
You throw a poisoned dart.
The poisoned dart hits the boulder beetle.
Unknown command.
A boulder beetle is nearby!
Throw: 17 darts (poison)
Press: ? - help, Q - select action, (/) - cycle Shift-Dir - straight line, f/p - boulder beetle
Aim: a boulder beetle (89% to hit)
You throw a poisoned dart.
The poisoned dart hits the boulder beetle.
Unknown command.
You hit the boulder beetle but do no damage.
The boulder beetle bites you!!
You hit the boulder beetle but do no damage.
The boulder beetle is poisoned.
You punch the boulder beetle, but do no damage.
The boulder beetle bites you!
The boulder beetle waves its antennae.
You feel yourself speed up. The boulder beetle bites you!
* * * LOW HITPOINT WARNING * * *
The boulder beetle curls into a ball and begins rolling!
The boulder beetle hits you!
You die... ................#.....#....#.# ..........#..##.#.###.###..#.# ..............>...###....###.# ###...<.#...#........##.# #o# ## #.#...#.#....#####.##.# #B# .# #.#...........[)...##.. oo#

.#
#.......((..°.##########.(#
.# ####...###.°#°....# ..#
.# #.#####.○#@(##.# ##.#
.#### ### #....B.....#
.'..# ### #.#..##(...#
†#### ?.. ###........# ...#
..? #........## #.#########
######....# #.# #.....#
#......#..#### #.# #.._..#
########.....# #####.....#
#...#.#


You could see a boulder beetle (rolling, poisoned).

Vanquished Creatures
  A komodo dragon (D:8)
  Prince Ribbit (D:8)
  Sigmund (D:6)
  A wyvern (D:7)
  Eustachio (D:4)
  A basilisk (D:7)
  3 steam dragons (D:8)
  Edmund (D:6)
  2 water moccasins
  2 orc warriors (D:7)
  An ice beast (D:6)
  An ogre (D:6)
  2 black bears
  2 centaurs
  2 kobold brigands
  A gnoll sergeant (D:6)
  2 bullfrogs
  4 scorpions
  5 wights (D:8)
  2 killer bees (D:8)
  An electric eel (D:6)
  A howler monkey (D:5)
  A jelly (D:6)
  5 orc priests
  A gnoll bouda (D:6)
  A sleepcap (D:7)
  2 hounds
  4 iguanas
  Ijyb (D:4)
  Natasha (thrice) (D:4)
  8 orc wizards
  16 gnolls
  7 adders
  A shadow imp (D:8)
  2 white imps
  2 ufetubi (D:5)
  4 dart slugs
  A ribbon worm (D:4)
  32 orcs
  4 ball pythons
  3 endoplasms
  3 giant cockroaches
  9 hobgoblins
  2 jackals (D:3)
  6 quokkas
  4 bats
  5 frilled lizards
  7 goblins
  17 kobolds
  6 rats
195 creatures vanquished.

Notes
Turn   | Place    | Note
-------+----------+-------------------------------------------
     0 | D:1      | LustLizard the Deep Elf Air Elementalist began the quest
                  | for the Orb.
     0 | D:1      | Reached XP level 1. HP: 10/10 MP: 6/6
   100 | D:1      | Reached XP level 2. HP: 16/16 MP: 0/8
   753 | D:1      | Reached XP level 3. HP: 20/20 MP: 7/9
   756 | D:1      | Learned a level 2 spell: Static Discharge
   760 | D:1      | Learned a level 3 spell: Swiftness
  1350 | D:2      | Found a runed translucent door.
  1351 | D:2      | Noticed Crazy Yiuf
  1590 | D:2      | Reached skill level 1 in Fighting
  2318 | D:3      | Found a blossoming altar of Fedhas.
  2343 | D:3      | Found Ruerewi's Antique Armour Shoppe.
  2483 | D:3      | Reached XP level 4. HP: 25/25 MP: 9/11
  2488 | D:3      | Learned a level 4 spell: Airstrike
  2575 | D:3      | Noticed a black bear
  2697 | D:3      | You fall into a shaft and drop 3 floors!
  2697 | D:6      | Found a burning altar of Makhleb.
  2841 | D:6      | Noticed a gnoll sergeant
  2899 | D:5      | Entered Level 5 of the Dungeon
  3067 | D:5      | Noticed a scorpion
  3084 | D:5      | Noticed a scorpion
  3259 | D:5      | Reached XP level 5. HP: 29/29 MP: 5/13
  3412 | D:4      | Noticed Natasha
  3788 | D:3      | Found a broken altar of Ashenzari.
  4692 | D:3      | Killed a black bear
  4693 | D:3      | Reached skill level 5 in Air Magic
  4693 | D:3      | Reached XP level 6. HP: 35/35 MP: 7/15
  4833 | D:4      | Noticed Ijyb
  4991 | D:4      | Found an opulent altar of Gozag.
  5057 | D:4      | Noticed Eustachio
  5458 | D:4      | Killed Natasha
  5689 | D:4      | Noticed Natasha
  5695 | D:4      | Killed Natasha
  5856 | D:4      | Learned a level 4 spell: Iskenderun's Mystic Blast
  6016 | D:4      | Noticed Natasha
  6021 | D:4      | Killed Natasha
  6022 | D:4      | Reached skill level 5 in Spellcasting
  6186 | D:4      | Killed Eustachio
  6187 | D:4      | Reached skill level 5 in Stealth
  6187 | D:4      | Reached skill level 1 in Translocations
  6187 | D:4      | Reached XP level 7. HP: 28/40 MP: 1/16
  6309 | D:4      | Killed Ijyb
  7172 | D:5      | Reached XP level 8. HP: 43/45 MP: 11/18
  7792 | D:6      | Noticed Sigmund
  7795 | D:6      | Killed Sigmund
  7886 | D:6      | Noticed Edmund
  7895 | D:6      | Killed Edmund
  8206 | D:6      | Identified the +2 robe "Pyroyshri" {Dex+2}
  8273 | D:6      | Reached skill level 5 in Conjurations
  8663 | D:7      | Reached XP level 9. HP: 36/52 MP: 1/21
  8879 | D:7      | Found a staircase to the Ecumenical Temple.
  8890 | Temple   | Entered the Ecumenical Temple
  8920 | Temple   | Became a worshipper of Vehumet
 10489 | D:8      | Reached * piety under Vehumet
 10489 | D:8      | Offered knowledge of Sandblast by Vehumet.
 10596 | D:8      | Reached skill level 1 in Armour
 10751 | D:8      | Noticed Prince Ribbit
 10754 | D:8      | Killed Prince Ribbit
 10952 | D:8      | Found a hazy altar of Hepliaklqana.
 10952 | D:8      | Found a basalt altar of Yredelemnul.
 11261 | D:8      | Reached XP level 10. HP: 58/58 MP: 14/23
 11466 | D:8      | Found a staircase to the Lair.
 11597 | D:8      | Found a glowing silver altar of Zin.
 11661 | D:8      | Noticed a boulder beetle
 11826 | D:8      | Slain by a boulder beetle

Illustrated notes

Levels and vault maps discovered:
D:1:      minmay_arrival_pointy, layout_rooms, dk_noncrumbling_2
D:2:      layout_loops_corners, minivault_24, uniq_crazy_yiuf_cottage
D:3:      layout_loops_ring, mainiacjoe_overflow_alcove_2,
          nicolae_overflow_crystal_walls, serial_shops,
          nicolae_shop_advertising_works [nicolae_subvault_shop_adworks],
          nicolae_elevator_lobby_asterisk
D:4:      layout_rooms, nicolae_gozag_cash_rules_everything_around_me,
          uniq_eustachio, uniq_ijyb, uniq_natasha
D:5:      layout_basic
D:6:      layout_loops_ring, lemuel_coloured_pillars_altar,
          minmay_misc_feat_encased, kennysheep_big_empty_room,
          sigmund_edmund_badplayer
D:7:      layout_basic, minmay_temple_entry_glassed_door
D:8:      layout_basic, gammafunk_temple_overflow_elements, zin_scriptorium,
          david_lair_shrubbed, st_stairs_1, uniq_prince_ribbit1
Temple:   nicolae_temple_figure_eight

Skill      XL: |  1  2  3  4  5  6  7  8  9 10 |
---------------+-------------------------------+-----
Stealth        | 3 4 5 |  5.0
Fighting       | 1 2 3 4 |  4.7
Air Magic      | 4 5 6 7 8 |  8.8
Spellcasting   | 4 5 6 7 8 |  8.0
Conjurations   | 2 3 5 7 |  7.5
Translocations | 1 2 3 4 |  4.0
Armour         | 1 |  1.9
Dodging        | 3 |  3.9

Action                     |  1- 3 |  4- 6 |  7- 9 | 10-12 || total
---------------------------+-------+-------+-------+-------++-------
  Melee: Club              |     5 |    11 |       |       ||    16
         Short sword       |       |    13 |    19 |     2 ||    34
         Punch             |       |       |       |     1 ||     1
  Throw: Dart              |       |       |       |     4 ||     4
   Cast: Shock             |    83 |   139 |   138 |     2 ||   362
         Static Discharge  |     3 |    21 |    12 |     2 ||    38
         Airstrike         |       |     4 |    79 |    12 ||    95
    Use: Scroll            |       |     8 |       |       ||     8
         Potion            |       |     2 |       |     1 ||     3
 Armour: Robe              |     8 |    64 |    21 |     8 ||   101
         Leather armour    |       |       |    13 |       ||    13
  Dodge: Dodged            |     4 |    50 |    27 |     1 ||    82

Table legend: (Time is in decaauts)
 A = Elapsed time spent in this place.
 B = Non-inter-level travel time spent in this place.
 C = Inter-level travel time spent in this place.
 D = Time resting spent in this place.
 E = Time spent auto-exploring this place.
 F = Levels seen in this place.
 G = Mean time per level.
                   A        B        C        D        E       F      G
               +--------+--------+--------+--------+--------+-----+--------+
         Total |  11799 |  11439 |    360 |   2271 |   7344 |   9 | 1311.0 |
       Dungeon |  11740 |  11436 |    304 |   2271 |   7344 |   8 | 1467.5 |
        Temple |     58 |      2 |     56 |      0 |      0 |   1 |   58.0 |
               +--------+--------+--------+--------+--------+-----+--------+

Top non-repeatable levels by time:
     D:3: 1897 daAuts
     D:7: 1841 daAuts
     D:4: 1785 daAuts
     D:6: 1403 daAuts
     D:8: 1382 daAuts
     D:5: 1298 daAuts
     D:2: 1251 daAuts
     D:1: 881 daAuts
  Temple: 58 daAuts
